 Dungeon Crawl Stone Soup version 0.26-a0-651-gb41185065b (webtiles) character file.

Game seed: 13248718311399911389

(classic levelgen) 8631 EnegeticOcto the Blocker (level 11, -9/99 HPs)
             Began as a Deep Dwarf Fighter on Oct 17, 2020.
             Was an Elder of Makhleb.
             Mangled by a death yak (15 damage)
             ... on level 11 of the Dungeon.
             The game lasted 00:06:00 (7285 turns).

EnegeticOcto the Blocker (Deep Dwarf Fighter)       Turns: 7285, Time: 00:06:01

Health: -9/99      AC: 15    Str: 23    XL:     11   Next: 12%
Magic:  2/2        EV:  5    Int:  9    God:    Makhleb [****..]
Gold:   431        SH: 21    Dex: 12    Spells: 10/10 levels left

rFire    + + .     SeeInvis .   a - +1 war axe
rCold    + . .     Faith    .   v - +3 tower shield
rNeg     . . .     Spirit   .   y - +3 chain mail {rF+}
rPois    .         Reflect  .   (no helmet)
rElec    .         Harm     .   B - +0 cloak
rCorr    .         Rampage  .   (no gloves)
MR       +....                  (no boots)
Stlth    ..........             (no amulet)
HPRegen  0.00/turn              w - ring of protection from fire
MPRegen  0.08/turn              j - ring of protection from cold

@: non-regenerating
A: damage resistance, heal wounds, sense surroundings 2, no regeneration
a: Heal Wounds, Minor Destruction, Lesser Servant of Makhleb, Major Destruction,
Renounce Religion


You were on level 11 of the Dungeon.
You worshipped Makhleb.
Makhleb was greatly pleased with you.
You visited 2 branches of the dungeon, and saw 12 of its levels.

You collected 566 gold pieces.
You spent 135 gold pieces at shops.

Inventory:

Hand Weapons
 a - a +1 war axe (weapon)
Missiles
 f - 10 throwing nets (quivered)
Armour
 p - +0 swamp dragon scales
 v - a +3 tower shield (worn)
 y - a +3 chain mail of fire resistance (worn)
 B - a +0 cloak (worn)
Jewellery
 j - a ring of protection from cold (right hand)
 w - a ring of protection from fire (left hand)
Wands
 e - a wand of disintegration (8)
 q - a wand of polymorph (10)
 r - a wand of digging (9) {@v3}
 x - a wand of paralysis (3)
 C - a wand of acid (5) {@v1}
Scrolls
 b - a scroll of fog
 c - 8 scrolls of remove curse {@r2}
 g - 5 scrolls of teleportation {@r3}
 h - 3 scrolls of enchant armour
 k - 2 scrolls of immolation {@r4}
 o - 2 scrolls of enchant weapon
 s - a scroll of blinking
 A - a scroll of identify {@r1}
Potions
 d - a potion of might {@q3}
 i - 5 potions of curing {@q1}
 l - 2 potions of mutation
 m - 2 potions of flight
 n - 7 potions of heal wounds {@q2}
 t - 2 potions of resistance {@q5}
 u - a potion of invisibility
 z - a potion of cancellation


   Skills:
 + Level 6.5 Fighting
 * Level 10.2 Axes
 + Level 7.7 Armour
 * Level 10.4 Shields
 * Level 9.6 Invocations


You had 10 spell levels left.
You didn't know any spells.
Your spell library was empty.

Dungeon Overview and Level Annotations

Branches:
Dungeon (11/15)            Temple (1/1) D:4            Lair (0/6) D:11
    Orc: D:9-12

Altars:
Ashenzari
Cheibriados
Dithmenos
Elyvilon
Fedhas
Gozag
Hepliaklqana
Kikubaaqudgha
Makhleb
Nemelex Xobeh
Okawaru
Qazlal
Ru
Sif Muna
Trog
Uskayaw
Vehumet
Wu Jian
Xom
Yredelemnul
Zin
The Shining One

Shops:
D:4 [:*(


Innate Abilities, Weirdness & Mutations

You are resistant to damage.
You can heal yourself by infusing magical energy.
You passively map the area around you.
You do not regenerate.


Message History

There is an open door here.
A quokka and a porcupine come into view.
Found a staircase to the Lair.
There are monsters nearby!
There are monsters nearby!
There are monsters nearby!
A death yak comes into view.
The death yak bellows!
You hear a bark!
A porcupine comes into view.
Something hits you!
Deactivating autopickup; reactivate with Ctrl-A.
A death yak comes into view.
A rat comes into view.
The death yak bellows!
You hit the quokka.
The quokka is heavily wounded.
You barely miss something. Something hits you. You block the quokka's attack.
A rat comes into view.
A hell rat comes into view.
The hell rat roars deafeningly!
You hit the quokka.
You kill the quokka!
Makhleb accepts your kill.
You feel better.
You hear a bark!
Something hits you but does no damage.
A death yak comes into view.
The death yak bellows!
You slash the rat!
You kill the rat!
Makhleb accepts your kill.
You feel better.
You hit something but do no damage.
You hear a roar!
Something hits you but does no damage.
A seven-headed hydra comes into view.
You hear an angry hiss.
You are struck by the porcupine's spines.
You hit the porcupine but do no damage. You block something's attack.
The porcupine barely misses you. You block the porcupine's attack.
You hit the death yak but do no damage. You miss the porcupine.
You hit the hell rat but do no damage.
The hell rat bites you but does no damage.
A rat comes into view.
You block the porcupine's attack. The death yak gores you!
You slash the death yak!
The death yak is lightly wounded.
You are struck by the porcupine's spines.
You hit the porcupine. You slash the hell rat!
You block the porcupine's attack. The rat closely misses you.
The death yak completely misses you.
A hell rat comes into view.
Your shield prevents you from hitting the porcupine.
The porcupine is moderately wounded.
The hell rat roars deafeningly!
You hit the death yak. You hit the death yak but do no damage. You hit the rat.
You kill the rat!
Makhleb accepts your kill.
The death yak snorts and paws the ground.
Something hits you. The porcupine closely misses you. The death yak gores you!
You block the death yak's attack.
The hell rat moves out of view.
You are too injured to fight recklessly!
You are too injured to fight recklessly!
You are too injured to fight recklessly!
You are too injured to fight recklessly!
You are too injured to fight recklessly!
You are too injured to fight recklessly!
There are monsters nearby!
There are monsters nearby!
There are monsters nearby!
There are monsters nearby!
You are too injured to fight recklessly!
You are too injured to fight recklessly!
You feel much better. Something hits you.
Something hits you but does no damage. You block the porcupine's attack.
You block the death yak's attack.
The death yak gores you but does no damage.
You block the porcupine's attack. Something hits you!
The death yak gores you but does no damage.
The death yak gores you! Something hits you but does no damage.
Something hits you!
The hell rat bites you but does no damage.
A hound comes into view.
You block the death yak's attack. The death yak gores you.
The death yak gores you but does no damage.
Something hits you but does no damage. Something hits you.
You block the hell rat's attack. The death yak gores you!!
* * * LOW HITPOINT WARNING * * *
You block the death yak's attack. x2
Something hits you.
* * * LOW HITPOINT WARNING * * *
Something hits you but does no damage.
You block the seven-headed hydra's attack. x3
The seven-headed hydra bites you.
* * * LOW HITPOINT WARNING * * *
The seven-headed hydra bites you.
The seven-headed hydra bites you but does no damage.
The seven-headed hydra bites you!
* * * LOW HITPOINT WARNING * * *
The death yak gores you!
You die...

########### ..........#
######### ..........#
#^.{....#* * ,
..........# ###..D....+
,,
..........###.'.@Yr...#*
..........'...#.YYr....#
*
..........#######r......,
..........# r......,,,
#####...### ..[h... , * *
, ...### , ....... , * ,
, .... , * * * r#..>... ,
..... * ** ,, ...... , ,
,.... , ,** , , ,, *,, ,


You could see 3 death yaks, a seven-headed hydra, 2 hell rats, 2 porcupines and
a hound.

Vanquished Creatures
  Psyche (D:8)
  Maurice (D:9)
  Maggie (D:8)
  An efreet (D:11)
  A troll (D:10)
  2 polar bears (D:10)
  A hippogriff (D:10)
  Sigmund (D:2)
  7 yaks
  A soldier ant (D:10)
  4 orc warriors
  A black bear (D:11)
  2 ice beasts
  A necrophage (D:10)
  2 sky beasts
  2 phantoms
  2 ogres
  4 wolves
  4 centaurs
  A big kobold (D:8)
  8 bullfrogs
  3 gnoll sergeants (D:7)
  5 scorpions
  5 killer bees (D:7)
  5 wights (D:7)
  2 electric eels (D:10)
  A howler monkey (D:9)
  4 crimson imps (D:3)
  A bullfrog zombie (D:9)
  A quasit (D:9)
  3 orc priests
  13 hounds
  2 jellies
  2 centaur skeletons
  A gnoll shaman (D:7)
  12 orc wizards
  4 iguanas
  Jessica (D:2)
  7 worker ants
  A hound zombie (D:8)
  27 gnolls
  9 adders
  4 white imps
  4 ufetubi
  An ooze (D:2)
  3 adder skeletons
  An adder zombie (D:5)
  3 worms
  A dart slug (D:2)
  3 leopard geckos
  32 orcs
  A ball python (D:2)
  A giant cockroach (D:4)
  2 hobgoblins (D:2)
  19 jackals
  4 quokkas
  A ball python zombie (D:5)
  6 bats
  5 frilled lizards
  7 goblins
  A jackal zombie (D:5)
  6 kobolds
  A quokka skeleton (D:4)
  9 rats
272 creatures vanquished.

Vanquished Creatures (others)
  3 plants (D:5)
3 creatures vanquished.

Grand Total: 275 creatures vanquished

Notes
Turn   | Place    | Note
-------+----------+-------------------------------------------
     0 | D:1      | EnegeticOcto the Deep Dwarf Fighter began the quest for the
                  | Orb.
     0 | D:1      | Reached XP level 1. HP: 20/20 MP: 1/1
   259 | D:2      | Reached XP level 2. HP: 27/27 MP: 2/2
   324 | D:3      | Reached XP level 3. HP: 17/33 MP: 3/3
   399 | D:3      | Reached XP level 4. HP: 41/42 MP: 3/3
   455 | D:4      | Found Zoawy's General Store.
   480 | D:4      | Found Gioqonei's Antique Armour Boutique.
   481 | D:4      | Found a hide-covered altar of Uskayaw.
   509 | D:4      | Reached XP level 5. HP: 27/49 MP: 3/3
   542 | D:4      | Found Fothage's Book Shop.
   576 | D:4      | Found a glowing silver altar of Zin.
   826 | D:4      | Found Woxuanis's Antique Armour Shop.
   848 | D:4      | Found a staircase to the Ecumenical Temple.
   998 | D:4      | Found Hodghayzekh's Weapon Boutique.
  1162 | D:5      | Entered Level 5 of the Dungeon
  1218 | D:5      | HP: 2/49 [something/puff of flame (7)]
  1222 | D:5      | Reached XP level 6. HP: 53/56 MP: 2/2
  1238 | D:5      | Reached skill level 5 in Shields
  1264 | D:5      | Found a blossoming altar of Fedhas.
  1288 | D:5      | HP: 2/57 [orc wizard/magic dart (5)]
  1295 | D:5      | Reached skill level 5 in Axes
  1375 | D:5      | Reached XP level 7. HP: 13/63 MP: 1/1
  1407 | Temple   | Entered the Ecumenical Temple
  1690 | D:2      | Noticed Jessica
  1694 | D:2      | Found an iron altar of Okawaru.
  1706 | D:2      | Killed Jessica
  1849 | D:2      | Noticed Sigmund
  1887 | D:2      | Killed Sigmund
  1887 | D:2      | Reached skill level 5 in Armour
  2424 | D:3      | Found a shimmering altar of Xom.
  2696 | D:4      | Bought a runed chain mail for 135 gold pieces
  2832 | D:5      | Found a snail-covered altar of Cheibriados.
  2926 | D:5      | Found a hazy altar of Hepliaklqana.
  2958 | D:5      | Found a burning altar of Makhleb.
  2973 | D:5      | Became a worshipper of Makhleb the Destroyer
  3031 | D:5      | Reached XP level 8. HP: 40/73 MP: 1/1
  3271 | D:6      | Reached skill level 1 in Invocations
  3903 | D:7      | Reached * piety under Makhleb
  4109 | D:7      | Reached skill level 5 in Fighting
  4147 | D:7      | Found a shadowy altar of Dithmenos.
  4260 | D:7      | Gained mutation: You passively map the area around you.
                  | [Deep Dwarf growth]
  4260 | D:7      | Reached XP level 9. HP: 41/81 MP: 4/4
  4264 | D:7      | Reached ** piety under Makhleb
  4300 | D:7      | Reached skill level 5 in Invocations
  4569 | D:7      | Found a shimmering blue altar of Sif Muna.
  4660 | D:7      | Found an ornate altar of the Wu Jian Council.
  4660 | D:7      | Found an ancient bone altar of Kikubaaqudgha.
  5052 | D:8      | Reached *** piety under Makhleb
  5199 | D:8      | Identified the +7 short sword "Useit" {flame, +Inv Int+8}
  5272 | D:8      | Reached XP level 10. HP: 53/91 MP: 3/3
  5289 | D:8      | Noticed Psyche
  5300 | D:8      | Killed Psyche
  5307 | D:8      | Noticed Maggie
  5319 | D:8      | Killed Maggie
  5644 | D:9      | Found a radiant altar of Vehumet.
  5803 | D:9      | Reached **** piety under Makhleb
  5924 | D:9      | Noticed Maurice
  5948 | D:9      | Killed Maurice
  6031 | D:9      | Found a snail-covered altar of Cheibriados.
  6139 | D:10     | Entered Level 10 of the Dungeon
  6198 | D:10     | Reached skill level 10 in Shields
  6395 | D:10     | Reached skill level 10 in Axes
  6705 | D:10     | Reached XP level 11. HP: 99/99 MP: 0/2
  7272 | D:11     | Found a staircase to the Lair.
  7273 | D:11     | Noticed a death yak
  7273 | D:11     | Noticed a death yak
  7275 | D:11     | Noticed a death yak
  7276 | D:11     | Noticed a seven-headed hydra
  7285 | D:11     | Mangled by a death yak

Illustrated notes

Levels and vault maps discovered:
D:1:      lemuel_arrival_room, layout_loops_ring
D:2:      layout_basic, okawaru_metal_pillars_3, serial_curves, eino_curves_02,
          eino_curves_02, uniq_jessica, uniq_sigmund
D:3:      layout_loops_cross, led_xom_imps
D:4:      layout_loops_cross, eat_drink_and_be_merry_uskayaw, zin_academy,
          minmay_temple_entry_from_below_a, serial_shops, nicolae_shop_trees,
          shop, shop_fountains, nicolae_shop_window_shopping, shop
D:5:      layout_cave_pools, old_standard_altar, kennysheep_little_box,
          basic_altar, fedhas_ov_isle_minmay
D:6:      layout_basic, minivault_27, nrook_mini_backslash
D:7:      layout_cave_pools, lemuel_round_altar, lemuel_blue_sif_altar,
          gammafunk_temple_overflow_elements, serial_gnoll_camp,
          gnoll_camp_mini_doghouse, gnoll_camp_mini_doghouse,
          gnoll_camp_mini_house, gnoll_camp_huts_moat
D:8:      layout_basic, uniq_maggie, uniq_psyche
D:9:      layout_cave_pools, slow_altar_2, basic_altar, uniq_maurice
D:10:     layout_loops_corners, serial_ice, serial_ice_c, serial_ice_b,
          serial_ice_l, serial_ice_e, serial_ice_m, serial_ice_h, serial_ice_d
D:11:     layout_roguey, dpeg_lair_monsters, special_room [special_room_bee],
          kennysheep_another_room, hangedman_tell_no_tales
Temple:   minmay_temple_curvy_loop

Skill      XL: |  1  2  3  4  5  6  7  8  9 10 |
---------------+-------------------------------+-----
Axes           | 3 4 5 6 7 8 10 | 10.2
Fighting       | 3 4 5 6 |  6.5
Armour         | 4 5 6 7 |  7.7
Shields        | 4 5 6 7 8 10 | 10.4
Invocations    | 4 7 9 |  9.6

Action                   |  1- 3 |  4- 6 |  7- 9 | 10-12 || total
-------------------------+-------+-------+-------+-------++-------
Melee: War axe           |    82 |   167 |   523 |   349 ||  1121
 Abil: Heal Wounds       |     2 |    10 |    17 |    10 ||    39
Evoke: Wand              |       |       |       |     1 ||     1
  Use: Scroll            |       |       |    18 |     4 ||    22
       Potion            |       |       |     3 |       ||     3
Armor: Scale mail        |    50 |   129 |    40 |       ||   219
       Chain mail        |       |       |   273 |   162 ||   435
Dodge: Dodged            |    34 |    39 |    95 |    45 ||   213
Block: Kite shield       |    45 |     2 |       |       ||    47
       Tower shield      |       |   217 |   697 |   418 ||  1332

Table legend: (Time is in decaauts)
 A = Elapsed time spent in this place.
 B = Non-inter-level travel time spent in this place.
 C = Inter-level travel time spent in this place.
 D = Time resting spent in this place.
 E = Time spent auto-exploring this place.
 F = Levels seen in this place.
 G = Mean time per level.
                   A        B        C        D        E       F      G
               +--------+--------+--------+--------+--------+-----+--------+
         Total |   7592 |   6998 |    594 |      0 |   4749 |  12 |  632.7 |
       Dungeon |   7381 |   6812 |    569 |      0 |   4563 |  11 |  671.0 |
        Temple |    210 |    186 |     24 |      0 |    186 |   1 |  210.0 |
               +--------+--------+--------+--------+--------+-----+--------+

Top non-repeatable levels by time:
    D:10: 1107 daAuts
     D:7: 1072 daAuts
     D:4: 880 daAuts
     D:5: 811 daAuts
     D:3: 751 daAuts
     D:8: 747 daAuts
     D:6: 636 daAuts
     D:2: 575 daAuts
     D:9: 549 daAuts
  Temple: 210 daAuts
     D:1: 187 daAuts
    D:11: 62 daAuts
